 Dungeon Crawl Stone Soup version 0.28.0 (webtiles) character file.

Game seed: 4600303461191213135

4393 RighteousDevil the Thaumaturge (level 10, -3/111 HPs)
             Began as a Yellow Draconian Transmuter on Feb 15, 2022.
             Was a Priest of Hepliaklqana.
             Slain by a two-headed ogre (7 damage)
             ... on level 8 of the Dungeon.
             The game lasted 00:28:11 (8934 turns).

RighteousDevil the Thaumaturge (DrTm)               Turns: 8934, Time: 00:28:12

Health: -3/111     AC: 25    Str: 13    XL:     10   Next: 13%
Magic:  22/22      EV:  2    Int: 17    God:    Hepliaklqana [***...]
Gold:   1788       SH:  0    Dex: 12    Spells: 13/25 levels left

rFire   . . .      SeeInvis .     - Unarmed
rCold   . . .      Faith    .   (no shield)
rNeg    + . .      Spirit   .   (armour unavailable)
rPois   +          Reflect  .   (helmet currently unavailable)
rElec   .          Harm     .   (cloak currently unavailable)
rCorr   .          Rampage  .   (gloves currently unavailable)
Will    .....      NoTele   +   (boots currently unavailable)
Stlth   +.........              (no amulet)
HPRegen 0.28/turn               n - ring of positive energy
MPRegen 0.18/turn               l - +4 ring of evasion

@: confused, lethally poisoned (-3 -> -17), tree-form, ambrosia-drunk, studying
Crossbows
A: stationary, stasis, torment immunity, boosted hp, reduced essence, (spit
acid), AC +7, unfitting armour, (cold-blooded), (acid resistance), mutation
resistance 1, (shaggy fur 1)
a: Renounce Religion, Recall Ancestor, Ancestor Identity, Transference


You were on level 8 of the Dungeon.
You worshipped Hepliaklqana.
Hepliaklqana was most pleased with you.
You were a tree.
You visited 1 branch of the dungeon, and saw 8 of its levels.

You collected 1788 gold pieces.

Inventory:

Hand Weapons
 t - a +0 arbalest
Armour
 k - a +1 pair of boots (melded)
 p - a +0 buckler
Jewellery
 b - a ring of fire
 c - a ring of protection from fire
 l - a +4 ring of evasion (right branch)
 n - a ring of positive energy (left branch)
Wands
 f - a wand of mindburst (3)
 r - a wand of digging (4)
Scrolls
 h - 3 scrolls of fog
 o - 2 scrolls of teleportation
 q - a scroll of enchant weapon
Potions
 d - a potion of mutation
 e - a potion of magic
 j - 2 potions of might
 m - a potion of invisibility
 u - a potion of lignification


   Skills:
 - Level 6.2 Fighting
 - Level 3.2 Dodging
 - Level 4.2 Unarmed Combat
 + Level 8.2 Spellcasting
 - Level 5.4 Transmutations
 + Level 3.5 Ice Magic
 + Level 7.1 Poison Magic


You had 13 spell levels left.
You knew the following spells:

 Your Spells              Type           Power      Damage    Failure   Level
a - Beastly Appendage     Tmut           50%        N/A       1%          1
b - Wereblood             Tmut           25%        N/A       1%          2
c - Spider Form           Tmut/Pois      28%        N/A       2%          3
d - Ignite Poison         Fire/Tmut/Pois 21%        N/A       5%          3
e - Mephitic Cloud        Conj/Pois/Air  15%        N/A       12%         3

Your spell library contained the following spells:

 Spells                   Type           Power      Damage    Failure   Level
 Animate Skeleton         Necr           14%        N/A       11%         1
 Apportation              Tloc           14%        N/A       11%         1
 Pain                     Necr           28%        1d5       11%         1
 Summon Small Mammal      Summ           28%        N/A       11%         1
 Ice Form                 Ice/Tmut       22%        N/A       16%         4
 Hailstorm                Conj/Ice       13%        3d5       43%         4
 Freezing Cloud           Conj/Ice/Air   5%         6-21      86%         5
 Agony                    Necr           7%         N/A       96%         5
 Excruciating Wounds      Necr           3%         N/A       96%         5
 Simulacrum               Ice/Necr       6%         N/A       100%        6


Dungeon Overview and Level Annotations

Branches:
Dungeon (8/15)             Temple (0/1) D:4
   Lair: D:8-11

Altars:
Cheibriados
Elyvilon
Gozag
Hepliaklqana
Makhleb
Okawaru
Sif Muna
Trog
Uskayaw
Xom

Shops:
D:6 ?

Annotations:
D:7 1 runed translucent door, Crazy Yiuf


Innate Abilities, Weirdness & Mutations

You are a tree.
Your roots penetrate the ground, keeping you stationary.
You cannot be teleported.
You are immune to unholy pain and torment.
Your maximum health is greatly increased.
Your equipment is partially melded.
Your life essence is reduced to manifest your ancestor. (-10% HP)
((You can spit globs of acid.))
((Your golden yellow scales are hard. (AC +7)))
You cannot fit into any form of body armour.
((You are cold-blooded and may be slowed by cold attacks.))
((You are resistant to acid. (rCorr)))
You are somewhat resistant to further mutation.
((You are covered in fur. (AC +1)))


Message History

The centaur zombie barely misses you. x2
The white imp hits you but does no damage.
Unknown command.
Okay, then.
It was a potion of lignification.
You turn into a tree.
Your +1 pair of boots melds into your body.
Your roots penetrate the ground.
* * * LOW HITPOINT WARNING * * *
You feel very sick.
The centaur shoots an arrow.
The arrow hits Octavia!
The gnoll hits you but does no damage.
An orc wizard comes into view. It is wielding a +0 dagger.
The centaur zombie hits you but does no damage.
The centaur zombie kicks you but does no damage.
The centaur shoots an arrow.
The arrow hits Octavia!
Octavia hits the centaur zombie with a +0 flail!
The centaur zombie is destroyed!
The white imp hits you but does no damage.
The two-headed ogre hits you with a +0 giant club.
* * * LOW HITPOINT WARNING * * *
The two-headed ogre hits you but does no damage.
Unknown command.
You are confused.
You feel invigorated.
* * * LOW HITPOINT WARNING * * *
You feel very sick. The gnoll hits you but does no damage.
You are more poisoned.
The centaur shoots an arrow.
Octavia blocks the arrow.
The orc wizard gestures wildly while chanting.
The orc wizard flickers and vanishes!
Deactivating autopickup; reactivate with Ctrl-A.
The white imp hits you but does no damage.
Unknown command.
Unknown command.
* * * LOW HITPOINT WARNING * * *
You feel very sick. The gnoll hits you but does no damage.
The two-headed ogre hits you with a +0 giant club!
You die...

.######## .
.......####### ..
##............
...#.............
.................
.................
..#....?5........
#..o...♣)........
{....ZOg.R.......
.#...........c...
.................
...............>..
#......##.........
##..... ..........
#...... ##..###...
#...... .......


You could see the friendly Octavia the knight, a two-headed ogre, a centaur
(ally target), an orc wizard, a gnoll, a white imp and a centaur zombie.

Vanquished Creatures
  Maggie (D:7)
  A hornet (D:7)
  Menkaure (D:4)
  A black bear (D:4)
  A hornet zombie (D:7)
  An ogre (D:6)
  A centaur (D:3)
  A phantom (D:4)
  A bullfrog (D:4)
  A scorpion (D:7)
  A wyvern zombie (D:7)
  A killer bee (D:3)
  A howler monkey (D:7)
  A centaur zombie (D:6)
  3 hounds
  A gnoll shaman (D:7)
  2 iguanas
  A scorpion zombie (D:5)
  6 orc wizards
  A howler monkey zombie (D:4)
  5 adders
  4 gnolls (D:4)
  A howler monkey skeleton (D:7)
  A worm (D:5)
  A dart slug (D:3)
  20 orcs
  7 endoplasms
  7 giant cockroaches
  9 hobgoblins
  9 jackals
  7 kobolds
  3 quokkas
  6 ball pythons
  7 bats
  3 frilled lizards
  10 goblins
  A rat (D:2)
129 creatures vanquished.

Vanquished Creatures (collateral kills)
  Joseph (D:7)
  A hornet (D:6)
  2 wargs
  Duvessa (D:5)
  A hornet zombie (D:6)
  A sky beast (D:7)
  4 ogres
  2 black bears
  A bullfrog (D:7)
  2 scorpions (D:5)
  A water moccasin zombie (D:6)
  Dowan (D:5)
  5 howler monkeys
  A bullfrog zombie (D:7)
  2 centaur zombies
  A hound (D:5)
  A jelly (D:7)
  A bullfrog skeleton (D:5)
  An orc priest (D:4)
  A centaur skeleton (D:6)
  A gnoll shaman (D:7)
  6 orc wizards
  A killer bee zombie (D:7)
  2 adders
  6 gnolls
  A shadow imp (D:7)
  4 orcs
  A giant cockroach (D:2)
  A goblin (D:3)
  4 jackals
  A kobold (D:3)
59 creatures vanquished.

Vanquished Creatures (others)
  A knight (D:7)
  2 ancestors
  3 fungi (D:7)
6 creatures vanquished.

Grand Total: 194 creatures vanquished

Notes
Turn   | Place    | Note
-------+----------+-------------------------------------------
     0 | D:1      | RighteousDevil the Draconian Transmuter began the quest for
                  | the Orb.
     0 | D:1      | Reached XP level 1. HP: 16/16 MP: 3/3
    96 | D:1      | Reached XP level 2. HP: 12/23 MP: 3/5
   101 | D:1      | Learned a level 2 spell: Wereblood
   523 | D:1      | Reached XP level 3. HP: 19/29 MP: 2/6
   789 | D:1      | Found a faded altar of an unknown god.
   793 | D:1      | Prayed at the altar of an unknown god.
   793 | D:1      | Became a worshipper of Hepliaklqana the Forgotten
   793 | D:1      | Reached * piety under Hepliaklqana
  1250 | D:2      | Reached XP level 4. HP: 8/33 MP: 7/7
  1608 | D:2      | Noticed an ogre
  1624 | D:2      | Killed an ogre
  1625 | D:2      | Reached XP level 5. HP: 21/40 MP: 8/8
  2297 | D:3      | Found an iron altar of Okawaru.
  2297 | D:3      | Found a bloodstained altar of Trog.
  2425 | D:3      | Reached XP level 6. HP: 46/46 MP: 10/10
  2458 | D:3      | Reached ** piety under Hepliaklqana
  2721 | D:3      | HP: 1/46 [killer bee (7)]
  2725 | D:3      | Reached skill level 3 in Spellcasting
  3010 | D:3      | Reached skill level 5 in Fighting
  3449 | D:4      | Reached skill level 4 in Spellcasting
  3449 | D:4      | Your scales start taking on a golden yellow colour.
  3449 | D:4      | Reached XP level 7. HP: 51/54 MP: 10/13
  3449 | D:4      | Gained mutation: You are resistant to acid. (rCorr) [Yellow
                  | Draconian growth]
  3449 | D:4      | Identified 2 scrolls of acquirement
  3449 | D:4      | Acquired 669 gold pieces
  3451 | D:4      | Acquired 803 gold pieces
  3494 | D:4      | Noticed Menkaure
  3501 | D:4      | Found a staircase to the Ecumenical Temple.
  3523 | D:4      | Killed Menkaure
  3946 | D:4      | Learned a level 3 spell: Spider Form
  3950 | D:4      | Learned a level 3 spell: Ignite Poison
  4047 | D:4      | Remembered your ancestor Octavia as a knight
  4197 | D:5      | Entered Level 5 of the Dungeon
  4213 | D:5      | Reached skill level 1 in Poison Magic
  4220 | D:5      | Reached skill level 5 in Spellcasting
  4352 | D:5      | Noticed Duvessa
  4358 | D:5      | Noticed Dowan
  4369 | D:5      | Killed Duvessa
  4370 | D:5      | Reached XP level 8. HP: 51/63 MP: 12/16
  4378 | D:5      | Killed Dowan
  4657 | D:5      | Found an opulent altar of Gozag.
  4903 | D:5      | Reached skill level 6 in Spellcasting
  5455 | D:6      | Found Ofikh's Magic Scroll Emporium.
  5483 | D:6      | Found a burning altar of Makhleb.
  5486 | D:6      | Found a snail-covered altar of Cheibriados.
  5489 | D:6      | Found a white marble altar of Elyvilon.
  5492 | D:6      | Reached *** piety under Hepliaklqana
  5492 | D:6      | Found a shimmering blue altar of Sif Muna.
  5779 | D:6      | Noticed a hornet
  5789 | D:6      | Killed a hornet
  5790 | D:6      | Reached XP level 9. HP: 40/67 MP: 14/19
  6073 | D:6      | Found a hide-covered altar of Uskayaw.
  6082 | D:6      | Reached skill level 5 in Poison Magic
  6595 | D:6      | Gained mutation: You are covered in fur. (AC +1) [potion of
                  | mutation]
  6595 | D:6      | Gained mutation: You are somewhat resistant to further
                  | mutation. [potion of mutation]
  6620 | D:7      | Noticed Joseph
  6637 | D:7      | Killed Joseph
  6638 | D:7      | Reached skill level 7 in Spellcasting
  6658 | D:7      | Reached skill level 5 in Transmutations
  6895 | D:7      | Found a shimmering altar of Xom.
  7189 | D:6      | Learned a level 3 spell: Mephitic Cloud
  7246 | D:7      | Noticed Maggie
  7264 | D:7      | Killed Maggie
  7265 | D:7      | Reached skill level 1 in Ice Magic
  8068 | D:7      | Found a runed translucent door.
  8069 | D:7      | Noticed Crazy Yiuf
  8372 | D:8      | Paralysed by a hornet for 2 turns
  8381 | D:7      | Reached skill level 8 in Spellcasting
  8394 | D:7      | Reached XP level 10. HP: 27/74 MP: 20/22
  8926 | D:8      | Noticed a two-headed ogre
  8932 | D:8      | HP: 5/111 [two-headed ogre (4)]
  8934 | D:8      | Slain by a two-headed ogre

Illustrated notes

Levels and vault maps discovered:
D:1:      roderic_dead_forest, layout_rooms, chequers_ecumenical_altar_grove,
          solitary_fountain
D:2:      layout_basic
D:3:      layout_basic, grunt_temple_overflow_bloody_war,
          minmay_shallow_snake_nest
D:4:      layout_basic, minmay_temple_entry_ruins, minmay_manual_monstrance,
          uniq_menkaure
D:5:      layout_gridville, grunt_gozag_statues, minmay_statues_item,
          solitary_fountain, uniq_duvessa
D:6:      layout_loops_corners, mainiacjoe_overflow_boulevard,
          grunt_temple_overflow_cloverleaf, serial_shops, shop_fountains
D:7:      layout_rooms, lemuel_tele_altar, uniq_crazy_yiuf_cottage, uniq_joseph,
          uniq_maggie
D:8:      layout_rooms, erik_lair_orcish_takeover, minmay_alternating_orb

Skill      XL: |  1  2  3  4  5  6  7  8  9 10 |
---------------+-------------------------------+-----
Dodging        | 2 3 |  3.2
Fighting       | 2 3 4 5 6 |  6.2
Unarmed Combat | 4 |  4.2
Spellcasting   | 4 5 6 8 |  8.2
Poison Magic   | 2 4 6 7 |  7.1
Transmutations | 4 5 |  5.4
Ice Magic      | 3 |  3.5

Action                   |  1- 3 |  4- 6 |  7- 9 | 10-12 || total
-------------------------+-------+-------+-------+-------++-------
Melee: Unarmed           |   106 |   173 |   250 |    16 ||   545
       Tailslap          |    10 |    18 |    38 |     2 ||    68
       Headbutt          |     7 |     7 |     5 |       ||    19
       Kick              |     7 |    10 |    13 |       ||    30
       Punch             |     2 |     2 |     7 |       ||    11
 Cast: Beastly Appendage |     7 |     9 |     6 |       ||    22
       Wereblood         |     2 |     7 |     3 |       ||    12
       Spider Form       |       |       |     7 |     1 ||     8
       Mephitic Cloud    |       |       |     3 |       ||     3
Invok: Recall Ancestor   |     1 |       |     2 |       ||     3
       Ancestor Life: Kn |       |       |     1 |       ||     1
 Abil: Breathe Acid      |       |       |     7 |     1 ||     8
Evoke: Wand              |       |       |     7 |       ||     7
  Use: Scroll            |       |     5 |    15 |       ||    20
       Potion            |       |     4 |     5 |     2 ||    11
 Stab: Sleeping          |       |       |     1 |       ||     1
       Distracted        |       |       |     1 |       ||     1
Armor: Skin              |    59 |    87 |    68 |    21 ||   235
Dodge: Dodged            |    75 |   226 |   247 |    52 ||   600
